 Dungeon Crawl Stone Soup version 0.31-a0-618-g7ca08c1ff9 (webtiles) character file.

Game seed: 5594747962824153514

358 Dittersdorf the Shield-Bearer (level 6, 0/40 HPs)
             Began as a Gargoyle Fighter on Aug 22, 2023.
             Was an Initiate of Gozag.
             Slain by a black bear (3 damage)
             ... on level 5 of the Dungeon.
             The game lasted 00:05:04 (3157 turns).

Dittersdorf the Shield-Bearer (Gargoyle Fighter)    Turns: 3157, Time: 00:05:05

Health: 0/40       AC: 14    Str: 22    XL:     6   Next: 64%
Magic:  15/15      EV:  9    Int:  8    God:    Gozag
Gold:   183        SH:  5    Dex:  9    Spells: 5/5 levels left

rFire   . . .        a - +0 flail
rCold   . . .        c - +1 buckler
rNeg    + . .        b - +0 scale mail
rPois   ∞            f - +0 helmet
rElec   +            m - +0 cloak
rCorr   .            (no gloves)
SInv    .            (no boots)
Will    +....        (no amulet) Stlth
                     k - ring of magical power
HPRegen 0.26/turn    l - ring of willpower
MPRegen 0.14/turn

%: no passive effects
@: no status effects
A: sickness immunity, AC +4, negative energy resistance 1, electricity
resistance, torment resistance 1, petrification resistance
a: Renounce Religion, Potion Petition, Call Merchant, Bribe Branch


You were on level 5 of the Dungeon.
You worshipped Gozag.
Gozag was aware of your devotion.
You visited 1 branch of the dungeon, and saw 5 of its levels.

You collected 236 gold pieces.
You paid 53 gold pieces to Gozag.

Inventory:

Hand Weapons
 a - a +0 flail (weapon)
Armour
 b - a +0 scale mail (worn)
 c - a +1 buckler (worn)
 f - a +0 helmet (worn)
 m - a +0 cloak (worn)
Jewellery
 g - a +6 ring of intelligence
 i - a ring of ice
 k - a ring of magical power (left hand)
 l - a ring of willpower (right hand)
Wands
 p - a wand of iceblast (6)
 r - a wand of acid (4) (quivered)
Scrolls
 e - 2 scrolls of fog
 h - a scroll of revelation
Potions
 d - a potion of might
 j - a potion of magic {unknown}
 q - a potion of curing


   Skills:
 + Level 4.8 Fighting
 + Level 3.8 Maces & Flails
 + Level 4.8 Armour
 + Level 4.9 Shields


You had 5 spell levels left.
You didn't know any spells.
Your spell library contained the following spells:

 Spells                   Type           Power      Damage    Failure   Level
 Gell's Gravitas          Tloc           0%         N/A       98%         3
 Teleport Other           Tloc           0%         N/A       98%         3
 Dispersal                Tloc           0%         N/A       100%        6


Dungeon Overview and Level Annotations

Branches:
Dungeon (5/15)
 Temple: D:4-7

Altars:
Gozag
Ru
Trog
Xom

Shops:
D:4 *


Innate Abilities, Weirdness & Mutations

You are immune to sickness and miasma.
Your stone body is resilient. (AC +4)
You are immune to poison.
You resist negative energy. (rN+)
You are resistant to electric shocks. (rElec)
You are resistant to unholy torment.
You are immune to petrification.


Message History

The black bear is severely wounded.
The gnoll is no longer distracted by gold.
The black bear bites you but does no damage.
The black bear closely misses you.
The black bear claws you but does no damage.
The black bear bites you.
The black bear claws you but does no damage. x2
You closely miss the black bear.
The black bear is severely wounded.
The black bear closely misses you.
The black bear claws you but does no damage.
You block the black bear's attack. The black bear bites you.
The black bear claws you but does no damage.
You block the black bear's attack.
You hit the black bear.
The black bear is severely wounded.
The black bear bites you.
* * * LOW HITPOINT WARNING * * *
The black bear claws you.
* * * LOW HITPOINT WARNING * * *
The black bear claws you but does no damage.
You hit the black bear.
The black bear is severely wounded.
You block the black bear's attack. The black bear claws you.
* * * LOW HITPOINT WARNING * * *
The black bear claws you but does no damage.
The black bear bites you.
* * * LOW HITPOINT WARNING * * *
The black bear claws you but does no damage.
The black bear barely misses you.
You sock the black bear!
The black bear is almost dead.
The black bear bites you but does no damage.
The black bear barely misses you.
The black bear claws you but does no damage.
The black bear bites you.
* * * LOW HITPOINT WARNING * * *
The black bear claws you.
You die...
Your body crumbles into a pile of gold.

######........#
...................#######
.......#####.##..........#
....... #..##..........#
....... ###.###.....)....#
....... #...##........[..#
.......##................#
..?...$#...####.>........#
......$....ggh@...<......#
........###.######...#####
#...###.. #.# ###.######
### ...##.# #........#
..#.#..######........# ##.
...##.............# ## ...
.############# #..


You could see a black bear (berserk) and 2 gnolls.

Vanquished Creatures
  Menkaure (D:4)
  A hound (D:5)
  2 iguanas (D:4)
  Robin (D:4)
  A gnoll (D:5)
  4 adders
  2 orcs (D:4)
  6 bats
  3 endoplasms
  6 giant cockroaches
  14 goblins
  7 hobgoblins
  8 jackals (D:1)
  4 kobolds
  11 quokkas
  6 ball pythons
  6 frilled lizards
  9 rats
92 creatures vanquished.

Notes
Turn   | Place    | Note
-------+----------+-------------------------------------------
     0 | D:1      | Dittersdorf the Gargoyle Fighter began the quest for the
                  | Orb.
     0 | D:1      | Reached XP level 1. HP: 14/14 MP: 1/1
    95 | D:1      | Reached XP level 2. HP: 19/19 MP: 2/2
   326 | D:1      | Found a faded altar of an unknown god.
   330 | D:1      | Reached XP level 3. HP: 23/23 MP: 3/3
  1636 | D:3      | Reached XP level 4. HP: 29/29 MP: 4/4
  1637 | D:3      | Found a sacrificial altar of Ru.
  2128 | D:4      | Found Qacupp's General Store.
  2158 | D:4      | Noticed Robin
  2166 | D:4      | Killed Robin
  2377 | D:4      | Found a bloodstained altar of Trog.
  2393 | D:4      | Reached XP level 5. HP: 33/33 MP: 5/5
  2412 | D:4      | Found a shimmering altar of Xom.
  2755 | D:4      | Found an opulent altar of Gozag.
  2755 | D:4      | Noticed Menkaure
  2764 | D:4      | HP: 1/34 [Menkaure (19)]
  2768 | D:4      | Killed Menkaure
  2769 | D:4      | Reached XP level 6. HP: 31/39 MP: 6/6
  2856 | D:4      | Became a worshipper of Gozag Ym Sagoz the Greedy
  3053 | D:5      | Entered Level 5 of the Dungeon
  3115 | D:5      | Noticed a black bear
  3157 | D:5      | Slain by a black bear

Illustrated notes

Levels and vault maps discovered:
D:1:      heliophobic_arrival_battle_scene, layout_loops_ring,
          ebering_ecumenical_altar_webs, grunt_decor_resistance
D:2:      layout_basic
D:3:      layout_rooms, mainiacjoe_overflow_catwalk
D:4:      layout_loops_ring, mainiacjoe_overflow_alcove_4,
          grunt_gozag_breadcrumbs, trog_butcher_becter, serial_shops, shop,
          minmay_fractal_squares_gapless_5, uniq_robin, uniq_menkaure
D:5:      layout_rooms

Skill      XL: |  1  2  3  4 |
---------------+-------------+-----
Fighting       | 4 |  4.8
Shields        | 4 |  4.9
Armour         | 4 |  4.8
Maces & Flails | 3 |  3.8

Action                     |  1- 3 |  4- 6 || total
---------------------------+-------+-------++-------
  Melee: Flail             |   147 |   169 ||   316
  Evoke: Wand              |       |     3 ||     3
    Use: Scroll            |       |     9 ||     9
         Potion            |       |     1 ||     1
 Armour: Scale mail        |    96 |   124 ||   220
  Dodge: Dodged            |    86 |   112 ||   198
  Block: Buckler           |    29 |    62 ||    91

Table legend: (Time is in decaauts)
 A = Elapsed time spent in this place.
 B = Non-inter-level travel time spent in this place.
 C = Inter-level travel time spent in this place.
 D = Time resting spent in this place.
 E = Time spent auto-exploring this place.
 F = Levels seen in this place.
 G = Mean time per level.
                   A        B        C        D        E       F      G
               +--------+--------+--------+--------+--------+-----+--------+
         Total |   3247 |   3034 |    213 |    150 |   2135 |   5 |  649.4 |
       Dungeon |   3247 |   3034 |    213 |    150 |   2135 |   5 |  649.4 |
               +--------+--------+--------+--------+--------+-----+--------+

Top non-repeatable levels by time:
     D:4: 1032 daAuts
     D:2: 892 daAuts
     D:1: 747 daAuts
     D:3: 458 daAuts
     D:5: 116 daAuts
